 Dungeon Crawl Stone Soup version 0.28-a0-1389-gc726bef33b (webtiles) character file.

Game seed: 2308037454454665115

758 Grim the Spear-Bearer (level 7, -6/50 HPs)
             Began as a Merfolk Gladiator on Jan 3, 2022.
             Killed by divine providence
             ... invoked by an orc priest
              (11 damage)
             ... on level 4 of the Dungeon.
             The game lasted 00:05:04 (5493 turns).

Grim the Spear-Bearer (Merfolk Gladiator)           Turns: 5493, Time: 00:05:04

Health: -6/50      AC:  5    Str: 14    XL:     7   Next: 80%
Magic:  7/7        EV: 13    Int: 10    God:
Gold:   114        SH:  0    Dex: 15    Spells: 6/6 levels left

rFire   . . .      SeeInvis .   a - +0 trident
rCold   . . .      Faith    .   (no shield)
rNeg    . . .      Spirit   .   b - +0 leather armour
rPois   .          Reflect  .   c - +0 helmet
rElec   .          Harm     .   d - +0 cloak
rCorr   .          Rampage  .   (no gloves)
Will    .....                   (no boots)
Stlth   +.........              (no amulet)
HPRegen 0.16/turn               (no ring)
MPRegen 0.10/turn               (no ring)

@: confused
A: (nimble swimmer 2), mertail
a: no special abilities


You were on level 4 of the Dungeon.
You visited 1 branch of the dungeon, and saw 4 of its levels.

You collected 114 gold pieces.

Inventory:

Hand Weapons
 a - a +0 trident (weapon)
Missiles
 f - 6 poisoned darts (quivered)
Armour
 b - a +0 leather armour (worn)
 c - a +0 helmet (worn)
 d - a +0 cloak (worn)
Scrolls
 g - a scroll of identify
 h - a scroll of teleportation {unknown}
 j - a scroll of enchant weapon {unknown}
 l - 2 scrolls of fear {unknown}
 n - a scroll of amnesia {unknown}
 p - a scroll of vulnerability {unknown}
Potions
 e - a potion of ambrosia
 k - a potion of brilliance {unknown}
 m - 2 potions of might {unknown}
 o - 2 potions of attraction {unknown}
 q - a potion of magic {unknown}


   Skills:
 - Level 2.1 Fighting
 + Level 12.6 Polearms
 - Level 2.0 Throwing
 - Level 4.0 Dodging


You had 6 spell levels left.
You didn't know any spells.
Your spell library contained the following spells:

 Spells                   Type           Power      Damage    Failure   Level
 Animate Skeleton         Necr           0%         N/A       43%         1
 Pain                     Necr           0%         1d4       43%         1
 Gell's Gravitas          Tloc           0%         N/A       82%         3
 Lesser Beckoning         Tloc           0%         N/A       82%         3
 Summon Guardian Golem    Hex/Summ       0%         N/A       82%         3
 Teleport Other           Tloc           0%         N/A       82%         3
 Vampiric Draining        Necr           0%         2d6       82%         3
 Orb of Destruction       Conj           0%         N/A       100%        7
 Spellforged Servitor     Conj/Summ      0%         N/A       100%        7


Dungeon Overview and Level Annotations

Branches:
Dungeon (4/15)
 Temple: D:4-7

Altars:

Shops:
D:2 :


Innate Abilities, Weirdness & Mutations

((You are very nimble when in or above water. (Stealth+, EV+, Speed+++)))
Your lower body shifts to a powerful aquatic tail in water.


Message History

An orc priest and an orc wizard come into view.
Found a ring mail.
The orc priest shouts!
You reach to attack!
You closely miss the orc priest.
An orc comes into view. It is wielding a +0 hand axe.
You reach to attack!
The orc shouts!
You hit the orc priest.
The orc priest is heavily wounded.
You barely miss the orc priest.
The orc priest is heavily wounded.
The orc priest closely misses you.
You hit the orc priest but do no damage.
The orc priest is heavily wounded.
The orc priest calls down the wrath of Beogh upon you.
Beogh smites you!
You puncture the orc priest!
The orc priest is almost dead.
The orc priest hits you with a +0 club.
The orc wizard mumbles some strange words.
The orc wizard flickers and vanishes!
Deactivating autopickup; reactivate with Ctrl-A.
You hit the orc priest.
You kill the orc priest!
You see here a +0 club.
You closely miss the orc priest.
You hear some strange, mumbled words.
A magic dart appears from out of thin air!
The magic dart hits you!
* * * LOW HITPOINT WARNING * * *
The orc priest hits you with a +0 falchion.
* * * LOW HITPOINT WARNING * * *
You hear some strange, mumbled words.
You are confused.
The orc priest calls down the wrath of Beogh upon you.
Beogh smites you!
* * * LOW HITPOINT WARNING * * *
The orc priest invokes the aid of Beogh against you.
Beogh smites you!
You die...

.. ##.# #. #.# #.
#.# #. #.### #.
##†..####
#.####.........
#..##.....>.###
####.####..#)......#
......o)o..@(.)....#
.......###.##......#
.[..... #.#.........
## .......
#.#........# ..
...(... #.#...<.....
.# ....... #.#
....... .. #######
#.# #...### .# #.#
#### #..


You could see an orc priest and an orc.

Vanquished Creatures
  Pikel (D:4)
  An ogre (D:4)
  3 lemures (D:3)
  A jelly (D:2)
  A hound (D:4)
  An orc priest (D:4)
  An iguana (D:4)
  6 adders
  5 worms
  3 dart slugs (D:1)
  An orc (D:4)
  3 bats
  An endoplasm (D:4)
  2 giant cockroaches
  3 hobgoblins
  4 jackals (D:3)
  4 kobolds
  2 quokkas
  11 ball pythons
  3 frilled lizards
  9 goblins
  A quokka skeleton (D:4)
  5 rats
72 creatures vanquished.

Vanquished Creatures (others)
  4 plants (D:3)
4 creatures vanquished.

Grand Total: 76 creatures vanquished

Notes
Turn   | Place    | Note
-------+----------+-------------------------------------------
     0 | D:1      | Grim the Merfolk Gladiator began the quest for the Orb.
     0 | D:1      | Reached XP level 1. HP: 16/16 MP: 1/1
   146 | D:1      | Reached skill level 5 in Polearms
   152 | D:1      | Reached XP level 2. HP: 22/22 MP: 2/2
   806 | D:2      | Reached skill level 6 in Polearms
   806 | D:2      | Reached XP level 3. HP: 27/27 MP: 3/3
   898 | D:2      | Found Boul's Book Emporium.
  1308 | D:2      | Reached XP level 4. HP: 33/33 MP: 4/4
  1311 | D:2      | Reached skill level 7 in Polearms
  1421 | D:2      | You fall into a shaft and drop 1 floor!
  1490 | D:3      | Found a faded altar of an unknown god.
  2849 | D:3      | Reached skill level 8 in Polearms
  2858 | D:3      | Reached XP level 5. HP: 34/38 MP: 5/5
  3382 | D:4      | Noticed a lemure
  3383 | D:4      | Noticed a lemure
  3383 | D:4      | Noticed a lemure
  3384 | D:4      | Noticed Pikel
  3406 | D:3      | Killed a lemure
  3681 | D:4      | Noticed a lemure
  3986 | D:3      | Killed a lemure
  4287 | D:3      | Killed a lemure
  4437 | D:4      | Killed Pikel
  4438 | D:4      | Reached skill level 11 in Polearms
  4438 | D:4      | Reached XP level 6. HP: 18/44 MP: 6/6
  4438 | D:4      | Reached XP level 7. HP: 20/50 MP: 7/7
  4854 | D:4      | Reached skill level 12 in Polearms
  5493 | D:4      | Killed from afar by an orc priest

Illustrated notes

Levels and vault maps discovered:
D:1:      dpeg_arrival_rooms_a, layout_loops_cross
D:2:      layout_basic, serial_shops, nicolae_shop_competitors_out_of_business
D:3:      layout_basic, shapermc_ecumenical_altar_starsandcircs,
          serial_bayou_pond_b, grunt_ministairs_15, minmay_shallow_snake_nest
D:4:      layout_rooms, st_stairs_2, uniq_pikel

Skill      XL: |  1  2  3  4  5  6  7 |
---------------+----------------------+-----
Polearms       | 5 6 8 11 12 | 12.6
Fighting       | |  2.1
Throwing       | |  2.0
Dodging        | |  4.0

Action                   |  1- 3 |  4- 6 |  7- 9 || total
-------------------------+-------+-------+-------++-------
Melee: Trident           |    67 |   221 |    49 ||   337
Throw: Throwing net      |       |     3 |       ||     3
       Dart              |       |       |     5 ||     5
  Use: Scroll            |       |     2 |       ||     2
       Potion            |       |     1 |       ||     1
 Stab: Sleeping          |     1 |     1 |       ||     2
       Held in net/web   |       |     5 |       ||     5
Armor: Leather armour    |     8 |    36 |     2 ||    46
       Skin              |       |    11 |       ||    11
Dodge: Dodged            |    25 |    98 |     5 ||   128

Table legend: (Time is in decaauts)
 A = Elapsed time spent in this place.
 B = Non-inter-level travel time spent in this place.
 C = Inter-level travel time spent in this place.
 D = Time resting spent in this place.
 E = Time spent auto-exploring this place.
 F = Levels seen in this place.
 G = Mean time per level.
                   A        B        C        D        E       F      G
               +--------+--------+--------+--------+--------+-----+--------+
         Total |   5460 |   5353 |    107 |   2593 |   2184 |   4 | 1365.0 |
       Dungeon |   5460 |   5353 |    107 |   2593 |   2184 |   4 | 1365.0 |
               +--------+--------+--------+--------+--------+-----+--------+

Top non-repeatable levels by time:
     D:3: 2272 daAuts
     D:2: 1321 daAuts
     D:4: 1121 daAuts
     D:1: 745 daAuts
